 Dungeon Crawl Stone Soup version 0.18-a0-824-g47fe746 (webtiles) character file.

359 4thArraOfDagon the Chopper (level 6, 0/37 HPs)
             Began as a Gargoyle Fighter on Dec 17, 2015.
             Slain by an ogre
             ... wielding a +0 giant spiked club
              (2 damage)
             ... on level 6 of the Dungeon.
             The game lasted 00:06:59 (1438 turns).

4thArraOfDagon the Chopper (Gargoyle Fighter)       Turns: 1438, Time: 00:06:59

Health: 0/37       AC: 16    Str: 21    XL:     6   Next: 65%
Magic:  6/6        EV:  4    Int:  9    God:
Gold:   128        SH:  9    Dex:  9    Spells: 0 memorised, 5 levels left

rFire  . . .     SeeInvis +     a - +1 war axe
rCold  . . .     Gourm    .     d - +0 plate armour
rNeg   + . .     Faith    .     c - +0 shield
rPois  ∞         Spirit   .     (no helmet)
rElec  +         Dismiss  .     (no cloak)
rCorr  .         Reflect  .     (no gloves)
SustAt .         Harm     .     (no boots)
MR     .....     Rnd*Tele +     (no amulet)
Stlth  ..........               x - ring of see invisible
                                e - ring of teleportation (curse)

@: not resistant to hostile enchantments, extremely unstealthy
A: negative energy resistance 1, electricity resistance, unbreathing,
petrification resistance, rot immunity, AC +4
a: Evoke Teleportation


You were on level 6 of the Dungeon.
You were not hungry.

You visited 1 branch of the dungeon, and saw 6 of its levels.

You collected 128 gold pieces.

Inventory:

Hand Weapons
 a - a +1 war axe (weapon)
Armour
 c - a +0 shield (worn)
 d - a +0 plate armour (worn)
Jewellery
 b - an uncursed ring of stealth
 e - a cursed ring of teleportation (left hand)
 x - a ring of see invisible (right hand)
Scrolls
 g - a scroll of fear {unknown}
 i - a scroll of amnesia {unknown}
 j - a scroll of blinking {unknown}
 l - 2 scrolls of remove curse {unknown}
 m - a scroll of enchant weapon
 n - a scroll of teleportation
 u - a scroll of immolation {unknown}
 v - a scroll of enchant armour {unknown}
Potions
 k - a potion of cancellation
 o - a potion of degeneration
 p - a potion of agility
 q - a potion of haste
 t - a potion of poison
 z - a potion of lignification
Comestibles
 f - 2 bread rations
 h - a slice of pizza
 s - a meat ration
 w - 6 fruits


   Skills:
 - Level 3.2 Fighting
 * Level 5.3 Axes
 + Level 5.1 Armour
 - Level 3.2 Shields


You had 5 spell levels left.
You didn't know any spells.

Dungeon Overview and Level Annotations

Branches:
Dungeon (6/15)
 Temple: D:4-7

Altars:

Annotations:
D:2 Sigmund


Innate Abilities, Weirdness & Mutations

You are resistant to torment.
Your stone body is resilient (AC +4).
You are immune to poison.
You resist negative energy.
You are resistant to electric shocks.
You can survive without breathing.
You are immune to petrification.
You are immune to rotting.


Message History

Unknown command.
Your plate armour prevents you from hitting the gnoll.
The gnoll is severely wounded.
The gnoll hits you with a halberd. The gnoll hits you but does no damage.
You hit the gnoll.
You kill the gnoll!
You hear a splash.
You hit the ogre.
The ogre is moderately wounded.
The ogre hits you with a giant spiked club!
You slash the ogre!
The ogre is severely wounded.
The ogre hits you with a giant spiked club!
* * * LOW HITPOINT WARNING * * *
You are too injured to fight recklessly!
Unknown command.
Your plate armour prevents you from hitting the ogre.
The ogre is severely wounded.
The ogre hits you with a giant spiked club.
You die...

###....# . #......# ..
###'#....+ ..≈
#...#'################
..≈≈#...#.................
..≈≈#####≈≈≈≈≈≈≈≈≈≈≈≈≈≈≈≈≈
..≈≈≈≈≈≈g≈≈≈≈≈≈≈≈≈≈≈≈≈≈≈≈≈
..≈≈≈≈≈≈≈O≈≈≈≈≈≈≈†÷≈)≈≈≈≈≈
........†@..P.............
....P.............†.......
##########################


You could see an ogre and a gnoll.

Vanquished Creatures
  A hound (D:4)
  3 orc priests (D:3)
  15 gnolls
  An adder (D:4)
  2 worms (D:3)
  A giant gecko (D:3)
  9 orcs
  7 bats
  3 giant cockroaches
  4 hobgoblins
  12 jackals (D:6)
  4 giant newts
  5 goblins
  5 kobolds
  A quokka (D:4)
  A rat (D:1)
74 creatures vanquished.

Notes
Turn   | Place    | Note
--------------------------------------------------------------
     0 | D:1      | 4thArraOfDagon the Gargoyle Fighter began the quest for the Orb.
     0 | D:1      | Reached XP level 1. HP: 14/14 MP: 1/1
   113 | D:2      | Noticed Sigmund
   178 | D:1      | Reached XP level 2. HP: 13/19 MP: 2/2
   416 | D:2      | Reached skill level 4 in Armour
   500 | D:2      | Reached XP level 3. HP: 12/23 MP: 3/3
   563 | D:2      | Reached XP level 4. HP: 17/28 MP: 4/4
   673 | D:3      | Reached XP level 5. HP: 30/32 MP: 5/5
  1066 | D:4      | Reached XP level 6. HP: 4/37 MP: 6/6
  1170 | D:5      | Entered Level 5 of the Dungeon
  1227 | D:6      | Reached skill level 5 in Armour
  1364 | D:6      | Reached skill level 5 in Axes
  1438 | D:6      | Slain by an ogre

Vault maps used:
D:1:      elethiomel_arrival_quiet
D:2:      uniq_iyjb, uniq_sigmund
D:3:      first_bread
D:4:      serial_shops, kennysheep_mini, grunt_ministairs_3
D:5:      nicolae_overflow_crystal_walls, kennysheep_generic_room_8, uniq_edmund
D:6:      lemuel_castle_with_subvaults, good_gods_temple_1, lemuel_doored_altar,
          serial_glass, glass_columns_b, glass_columns_a

Action                   |  1- 3 |  4- 6 || total
-------------------------+-------+-------++-------
Melee: War axe           |    80 |   159 ||   239
  Use: Potion            |     1 |     3 ||     4
       Scroll            |       |     9 ||     9
  Eat: Chunk             |       |     1 ||     1
       Beef jerky        |       |     1 ||     1
